 Dungeon Crawl Stone Soup version 0.28.0-53-g5a82cb258f (webtiles) character file.

Game seed: 5581163201619855652

77 ZappyNine the Skirmisher (level 4, -1/53 HPs)
             Began as an Ogre Berserker on May 21, 2022.
             Was a Believer of Trog.
             Succumbed to Ijyb's poison
             ... on level 3 of the Dungeon.
             The game lasted 00:01:57 (2059 turns).

ZappyNine the Skirmisher (Ogre Berserker)           Turns: 2059, Time: 00:01:57

Health: -1/53      AC:  4    Str: 23    XL:     4   Next: 34%
Magic:  4/4        EV: 10    Int: 10    God:    Trog [**....]
Gold:   106        SH:  0    Dex:  8    Spells: 3/3 levels left

rFire   . . .      SeeInvis .   i - +3 spear of Suihi Nag {freeze, Int+2}
rCold   . . .      Faith    .   (no shield)
rNeg    . . .      Spirit   .   b - +0 animal skin
rPois   .          Reflect  .   l - +1 hat
rElec   .          Harm     .   (no cloak)
rCorr   .          Rampage  .   (gloves unavailable)
Will    ++...                   (boots unavailable)
Stlth   +.........              (no amulet)
HPRegen 1.17/turn               (no ring)
MPRegen 0.09/turn               (no ring)

@: lethally poisoned (-1 -> -11), strong-willed, regenerating
A: large, unfitting armour, tough skin 1
a: Renounce Religion, Berserk, Trog's Hand


You were on level 3 of the Dungeon.
You worshipped Trog.
Trog was pleased with you.
You visited 1 branch of the dungeon, and saw 3 of its levels.

You collected 106 gold pieces.

Inventory:

Hand Weapons
 a - a +0 mace
 g - a +2 vampiric trident
 i - the +3 spear of Suihi Nag (weapon) {freeze, Int+2}
   (You found it on level 2 of the Dungeon)

   It freezes those it strikes, dealing additional cold damage.
   It can also slow down cold-blooded creatures.
   Int:       It affects your intelligence (+2).
Armour
 b - a +0 animal skin (worn)
 l - a +1 hat (worn)
Wands
 n - a wand of acid (10)
Scrolls
 c - a scroll of identify {unknown}
 f - a scroll of magic mapping {unknown}
 h - 2 scrolls of noise {unknown}
 j - a scroll of fear {unknown}
 k - a scroll of summoning {unknown}
 o - a scroll of amnesia {unknown}
Potions
 d - a potion of flight {unknown}
 e - 3 potions of heal wounds {unknown}
 m - a potion of curing {unknown}


   Skills:
 + Level 6.7 Fighting
 - Level 2.6 Maces & Flails
 - Level 2.6 Dodging


You had 3 spell levels left.
You didn't know any spells.
Your spell library was empty.

Dungeon Overview and Level Annotations

Branches:
Dungeon (3/15)

Altars:

Annotations:
D:3 Ijyb, Natasha


Innate Abilities, Weirdness & Mutations

You are too large for most types of armour.
You have tough skin. (AC +1)


Message History

You puncture the rat! You freeze the rat.
You kill the rat!
Trog accepts your kill.
You hear the slow rusting of a distant drain.
Ijyb screams, "Level is mine!
All mine!"
Ijyb closely misses you.
You hit Ijyb. You freeze Ijyb.
Ijyb is moderately wounded.
Natasha zaps a wand.
Some rock shatters into small pieces.
The now-empty wand crumbles to dust.
Ijyb hits you with a +6 dagger of venom.
You are poisoned.
You closely miss Ijyb.
Ijyb is moderately wounded.
You feel sick.
Ijyb drinks a potion.
Ijyb seems to grow stronger.
You feel sick.
You feel sick.
Ijyb zaps a wand.
You suddenly lose the ability to move!
You feel sick.
Ijyb screams, "No!
No, no, no, no!"
Natasha claws you.
You feel sick.
Ijyb hits you with a +6 dagger of venom.
You are more poisoned.
Natasha mumbles some strange words.
You feel very sick.
Ijyb hits you with a +6 dagger of venom!
You are more poisoned.
Natasha claws you!
* * * LOW HITPOINT WARNING * * *
You feel very sick.
Ijyb hits you with a +6 dagger of venom!
* * * LOW HITPOINT WARNING * * *
Natasha howls an incantation.
You feel disoriented. Natasha claws you but does no damage.
You can move again.
There is a faded altar of an unknown god, spattered with blood here.
Your skin crawls.
You feel strong-willed.
You die...

#### #############^..
#.............##
#.##.########.#
#.##.# #.## ###
####.##†## #.##
............# #.##
#.##.#.##..# #...
#.#@#.###.# ####
###gh#.###.##########
#...5...##...........
#.###...##.####### #.
#. ##..##.# #. .
#..#.# #.
.#.#####..#.# #.
#.#.h.g......#
#....[..#..# .


You could see Ijyb (strong), Natasha and a shadow imp (summoned).

Vanquished Creatures
  A gnoll (D:1)
  2 adders (D:2)
  4 dart slugs
  3 ball pythons (D:1)
  3 endoplasms
  A giant cockroach (D:1)
  4 hobgoblins
  4 jackals (D:1)
  6 kobolds
  2 quokkas (D:3)
  3 bats
  A frilled lizard (D:1)
  2 goblins
  3 rats (D:3)
39 creatures vanquished.

Notes
Turn   | Place    | Note
-------+----------+-------------------------------------------
     0 | D:1      | ZappyNine the Ogre Berserker began the quest for the Orb.
     0 | D:1      | Reached XP level 1. HP: 24/24 MP: 1/1
   121 | D:1      | Reached XP level 2. HP: 20/33 MP: 2/2
   339 | D:1      | Reached skill level 5 in Fighting
   829 | D:1      | Reached XP level 3. HP: 30/42 MP: 3/3
  1338 | D:2      | Reached skill level 6 in Fighting
  1561 | D:2      | Identified the +3 spear of Suihi Nag {freeze, Int+2}
  1584 | D:2      | Reached XP level 4. HP: 48/53 MP: 4/4
  1642 | D:2      | Reached ** piety under Trog
  2039 | D:3      | Noticed Ijyb
  2040 | D:3      | Noticed Natasha
  2047 | D:3      | Found a faded altar of an unknown god.
  2054 | D:3      | Paralysed by Ijyb for 5 turns
  2058 | D:3      | HP: 2/53 [Ijyb/+6 dagger of venom (12)]
  2059 | D:3      | Succumbed to Ijyb's poison

Illustrated notes

Levels and vault maps discovered:
D:1:      minmay_arrival_open_corners, layout_loops_ring, st_stairs_11
D:2:      layout_rooms, fountainhead
D:3:      layout_loops_ring, gammafunk_temple_overflow_elements,
          gup_sewer_entry_pipe, basic_ecumenical_altar,
          hellmonk_ghost_happy_afterlife, uniq_ijyb, uniq_natasha, uniq_robin

Skill      XL: |  1  2  3 |
---------------+----------+-----
Fighting       | 5 6 |  6.7
Maces & Flails | |  2.6
Dodging        | |  2.6

Action                   |  1- 3 |  4- 6 || total
-------------------------+-------+-------++-------
Melee: Mace              |    44 |       ||    44
       Trident           |    38 |       ||    38
       Punch             |     2 |       ||     2
       Spear             |     2 |    26 ||    28
Invok: Trog's Hand       |       |     1 ||     1
Armor: Animal skin       |    37 |    10 ||    47
Dodge: Dodged            |    51 |    12 ||    63
